 Dungeon Crawl Stone Soup version 0.19.5 (console) character file.

272 Grinner the Insei (level 6, -5/38 HPs)
             Began as an Octopode Transmuter on Mar 9, 2017.
             Slain by an orc
             ... wielding a cursed +0 trident
              (9 damage)
             ... on level 3 of the Dungeon.
             The game lasted 00:03:46 (1684 turns).

Grinner the Insei (Octopode Transmuter)             Turns: 1684, Time: 00:03:46

Health: -5/38      AC:  8    Str: 10    XL:     6   Next: 23%
Magic:  10/10      EV: 14    Int: 16    God:
Gold:   81         SH:  0    Dex: 13    Spells: 1 memorised, 10 levels left

rFire  . . .     SeeInvis .     a - +2 scythe (protect)
rCold  . . .     Gourm    .     (shield currently unavailable)
rNeg   . . .     Faith    .     (helmet restricted)
rPois  .         Spirit   .     (no amulet)
rElec  .         Reflect  .     (no ring)
rCorr  .         Harm     .     (no ring)
MR     .....                    (no ring)
Stlth  ++........               (no ring)
                                (no ring)
                                (no ring)
                                (no ring)
                                (no ring)

@: protection aura
A: almost no armour, stealthy swim, amphibious, 8 rings, constrict 8, camouflage
1, gelatinous body 1
a: no special abilities


You were on level 3 of the Dungeon.
You were not hungry.

You visited 1 branch of the dungeon, and saw 3 of its levels.

You collected 81 gold pieces.

Inventory:

Hand Weapons
 a - a +2 scythe of protection (weapon)
Missiles
 j - 77 arrows
Scrolls
 d - 2 scrolls of fear {unknown}
 e - a scroll of identify {unknown}
 f - 3 scrolls of amnesia {unknown}
 g - a scroll of recharging {unknown}
 h - 3 scrolls of blinking {unknown}
 i - a scroll of enchant armour {unknown}
 k - a scroll of enchant weapon {unknown}
 n - a scroll of teleportation {unknown}
 p - a scroll of immolation {unknown}
Books
 b - a book of Changes

   Spells                             Type                      Level
   a - Beastly Appendage              Transmutation                1
   b - Sticks to Snakes               Transmutation                2
   c - Spider Form                    Transmutation/Poison         3
   d - Ice Form                       Ice/Transmutation            4
   e - Blade Hands                    Transmutation                5
Comestibles
 c - 3 bread rations
 m - a chunk of flesh


   Skills:
 - Level 1.0 Fighting
 * Level 1.0 Polearms
 + Level 3.0 Dodging
 - Level 4.6 Unarmed Combat
 + Level 3.1 Spellcasting
 + Level 3.5 Transmutations


You had 10 spell levels left.
You knew the following spells:

 Your Spells              Type           Power        Failure   Level  Hunger
z - Beastly Appendage     Tmut           ##....       6%          1    None


Dungeon Overview and Level Annotations

Branches:
Dungeon (3/15)

Altars:


Innate Abilities, Weirdness & Mutations

You cannot wear most types of armour.
You are very stealthy in the water. (Stealth+)
You are amphibious.
You can wear up to eight rings at the same time.
You can use your tentacles to constrict eight enemies at once.
Your skin changes colour to match your surroundings (Stealth+).
Your rubbery body absorbs attacks. (AC +1, EV +1)


Message History

The orc barely misses you. x2; The orc misses you.
The orc closely misses you.
You barely miss the rat. Your grab misses the rat. The rat barely misses you.
The orc hits you with a mace.
* * * LOW HITPOINT WARNING * * *
The orc barely misses you. The rat barely misses you.
The orc hits you with a mace.
* * * LOW HITPOINT WARNING * * *
You are too injured to fight recklessly!
You are too injured to fight recklessly!
Unknown command.
You feel better.
The orc hits you from afar with a trident!
* * * LOW HITPOINT WARNING * * *
The rat bites you.
* * * LOW HITPOINT WARNING * * *
You hit the rat.
Your weapon exudes an aura of protection.
You kill the rat!
The orc hits you from afar with a trident!
You die...

#.. #.# ###.#####.#
......##.# .
...#.##.#
..###.#.##.########
.......##........#
#...?##..# ###
#.......@#
....###...$###†#
#....#.##.oo...#
#......##>.....#
####.####........
#...# #......##.#
#...# #....=.# #
#...# ###.##..
#####...#####.##.##


You could see 2 orcs.

Vanquished Creatures
  Sigmund (D:2)
  An orc priest (D:3)
  4 adders (D:2)
  A worm (D:2)
  2 dart slugs
  A leopard gecko (D:1)
  An orc (D:3)
  A ball python (D:1)
  2 giant cockroaches (D:1)
  6 goblins
  5 hobgoblins
  3 jackals (D:2)
  4 bats
  2 frilled lizards
  4 kobolds (D:1)
  3 rats
41 creatures vanquished.

Notes
Turn   | Place    | Note
-------+----------+-------------------------------------------
     0 | D:1      | Grinner the Octopode Transmuter began the quest for the Orb.
     0 | D:1      | Reached XP level 1. HP: 13/13 MP: 3/3
    64 | D:1      | Reached XP level 2. HP: 11/18 MP: 5/5
   609 | D:1      | Reached XP level 3. HP: 23/23 MP: 6/6
  1233 | D:2      | Reached XP level 4. HP: 18/28 MP: 7/7
  1384 | D:2      | Noticed Sigmund
  1416 | D:2      | Killed Sigmund
  1416 | D:2      | Reached skill level 4 in Unarmed Combat
  1416 | D:2      | Reached XP level 5. HP: 28/33 MP: 7/9
  1553 | D:2      | Reached XP level 6. HP: 34/38 MP: 10/10
  1678 | D:3      | Reached skill level 1 in Polearms
  1684 | D:3      | Slain by an orc

Skill      XL: |  1  2  3  4  5  6 |
---------------+-------------------+-----
Unarmed Combat | 4 |  4.6
Spellcasting   | 3 |  3.1
Transmutations | 3 |  3.5
Polearms       | 1 |  1.0
Dodging        | 3 |  3.0
Fighting       | |  1.0

Action                   |  1- 3 |  4- 6 || total
-------------------------+-------+-------++-------
Melee: Unarmed           |    61 |    24 ||    85
       Constrict         |    18 |     8 ||    26
       Tentacles         |     8 |     7 ||    15
       Punch             |       |     2 ||     2
       Scythe            |       |    15 ||    15
 Cast: Beastly Appendage |     1 |       ||     1
  Use: Potion            |       |     5 ||     5
 Stab: Sleeping          |     5 |     1 ||     6
  Eat: Chunk             |     1 |     2 ||     3
Armor: Skin              |     8 |     6 ||    14
Dodge: Dodged            |    33 |    46 ||    79
